 Dungeon Crawl Stone Soup version 0.30.0-5-g1a98f26d00 (webtiles) character file.

Game seed: 2370511614336095053

19487 GloriousHammer the Destroyer (level 12, -2/73 HPs)
             Began as a Tengu Enchanter on May 8, 2023.
             Was a Priest of Vehumet.
             Slain by a bog body (10 damage)
             ... on level 2 of the Lair of Beasts.
             The game lasted 01:08:08 (27214 turns).

GloriousHammer the Destroyer (Tengu Enchanter)     Turns: 27214, Time: 01:08:09

Health: -2/73      AC: 11    Str:  7    XL:     12   Next: 69%
Magic:  17/25      EV: 21    Int: 24    God:    Vehumet [***...]
Gold:   434        SH:  6    Dex: 25    Spells: 0/27 levels left

rFire   + . .        b - +2 sling (elec)
rCold   + . .        F - +0 buckler
rNeg    . . .        E - +3 troll leather armour
rPois   .            (helmet restricted)
rElec   .            (no cloak)
rCorr   .            m - +1 pair of gloves of the Lion {rF+ rC+ Int+4}
SInv    +            (boots unavailable)
Will    .....        (no amulet)
Stlth   +++          D - +6 ring of dexterity
HPRegen 1.12/turn    v - ring of see invisible
MPRegen 0.19/turn

%: no passive effects
@: flying quickly and evasively, slowed, very slow
A: beak, talons 3, nimble flight, iridescent scales 1, agile 1, sense
surroundings 1
a: Renounce Religion


You were on level 2 of the Lair of Beasts.
You worshipped Vehumet.
Vehumet was most pleased with you.
You visited 3 branches of the dungeon, and saw 14 of its levels.

You collected 737 gold pieces.
You spent 303 gold pieces at shops.

Inventory:

Hand Weapons
 a - a +3 flail of protection
 b - a +2 sling of electrocution (weapon)
Missiles
 x - 12 atropa-tipped darts
 H - 9 poisoned darts
 M - a throwing net
Armour
 m - the +1 pair of gloves of the Lion (worn) {rF+ rC+ Int+4}
   (You bought it in a shop on level 9 of the Dungeon)

   Int:       It affects your intelligence (+4).
   rF:        It protects you from fire.
   rC:        It protects you from cold.
 q - +0 steam dragon scales
 B - a +1 robe of willpower
 E - a +3 troll leather armour (worn)
 F - a +0 buckler (worn)
Jewellery
 v - a ring of see invisible (right hand)
 D - a +6 ring of dexterity (left hand)
 W - a ring of willpower
Wands
 z - a wand of roots (7)
 C - a wand of flame (27)
 G - a wand of polymorph (6)
Scrolls
 d - a scroll of vulnerability {unknown}
 e - a scroll of brand weapon
 f - 3 scrolls of fear
 g - 3 scrolls of teleportation
 i - a scroll of summoning {unknown}
 l - a scroll of immolation {unknown}
 p - a scroll of amnesia {unknown}
 s - 3 scrolls of silence
 w - 4 scrolls of fog
 y - a scroll of enchant weapon
 A - 7 scrolls of magic mapping
 L - a scroll of torment {unknown}
 N - a scroll of poison {unknown}
Potions
 c - 3 potions of invisibility
 h - 3 potions of haste {unknown}
 j - 4 potions of lignification
 k - 2 potions of flight {unknown}
 n - 3 potions of mutation
 o - 4 potions of might
 r - a potion of experience {unknown}
 t - 7 potions of curing
 u - 2 potions of brilliance {unknown}
 K - a potion of berserk rage {unknown}
Miscellaneous
 J - a phantom mirror


   Skills:
 - Level 7.7 Fighting
 - Level 1.4 Short Blades
 - Level 6.1 Maces & Flails
 - Level 2.0 Ranged Weapons
 - Level 3.0 Armour
 - Level 8.9 Dodging
 - Level 3.6 Stealth
 - Level 4.0 Shields
 + Level 8.0 Spellcasting
 - Level 10.8 Conjurations
 - Level 5.6 Hexes
 - Level 3.6 Transmutations
 - Level 3.0 Ice Magic
 + Level 5.3 Air Magic
 - Level 1.0 Earth Magic


You couldn't memorise any spells.
You knew the following spells:

 Your Spells              Type           Power      Damage    Failure   Level
a - Slow                  Hex            100%       N/A       1%          1
b - Confusing Touch       Hex            36%        N/A       4%          3
c - Tukima's Dance        Hex            36%        N/A       4%          3
d - Stone Arrow           Conj/Erth      76%        3d11      1%          3
e - Hailstorm             Conj/Ice       42%        3d10      1%          3
f - Passwall              Tmut/Erth      16%        N/A       9%          2
g - Yara's Violent Unrav  Hex/Tmut       15%        3d8       16%         5
h - Ignite Poison         Fire/Tmut/Pois 15%        N/A       7%          3
i - Airstrike             Air            17%        2d(3-19)  4%          4

Your spell library contained the following spells:

 Spells                   Type           Power      Damage    Failure   Level
 Shock                    Conj/Air       100%       1d9       1%          1
 Static Discharge         Conj/Air       96%        2-6/arc   1%          2
 Dazzling Flash           Conj/Hex       98%        N/A       1%          3
 Sandblast                Erth           28%        2d8       2%          1
 Ensorcelled Hibernation  Hex/Ice        60%        N/A       3%          2
 Inner Flame              Hex/Fire       23%        N/A       4%          3
 Swiftness                Air            35%        N/A       4%          3
 Iskenderun's Mystic Bla  Conj/Tloc      35%        2d8       4%          4
 Volatile Blastmotes      Fire/Tloc      18%        2d11      12%         3
 Ice Form                 Ice/Tmut       25%        N/A       36%         4
 Silence                  Hex/Air        18%        N/A       38%         5
 Vampiric Draining        Necr           9%         2d6       41%         3
 Summon Lightning Spire   Summ/Air       22%        N/A       43%         4
 Starburst                Conj/Fire      17%        6d6       50%         6
 Passage of Golubria      Tloc           9%         N/A       82%         4
 Simulacrum               Ice/Necr       8%         N/A       100%        6
 Enfeeble                 Hex            18%        N/A       100%        7
 Lehudib's Crystal Spear  Conj/Erth      19%        10d6      100%        8


Dungeon Overview and Level Annotations

Branches:
Dungeon (11/15)            Temple (1/1) D:4            Lair (2/5) D:11
    Orc (0/2) D:11
  Swamp: Lair:2-3    Shoals: Lair:2-3     Snake: Lair:2-3    Spider: Lair:2-3

Altars:
Ashenzari
Cheibriados
Dithmenos
Elyvilon
Fedhas
Gozag
Hepliaklqana
Kikubaaqudgha
Makhleb
Nemelex Xobeh
Okawaru
Qazlal
Ru
Sif Muna
Trog
Uskayaw
Vehumet
Wu Jian
Xom
Yredelemnul
Zin
The Shining One

Shops:
D:1 !   D:9 *

Annotations:
D:1 dig vault
D:9 dig vault
D:11 exclusion: 3 doors
Lair:2 exclusion: ice statue


Innate Abilities, Weirdness & Mutations

You have a beak for a mouth.
You have claws for feet.
Your magical nature lets you fly swiftly and evasively.
You are partially covered in iridescent scales. (AC +2)
You are agile. (Dex +4, Str/Int -1)
You passively map a small area around you.


Message History

The yak is almost dead.
The yak barely misses you.
You hit the yak but do no damage. You claw the yak.
You kill the yak!
Vehumet accepts your kill.
You feel your power returning. The yak gores you but does no damage.
Casting: Hailstorm (safe; 1% risk of failure)
Confirm with . or Enter, or press ? or * to list all spells.
Casting: Hailstorm (safe; 1% risk of failure)
Press: ? - help, Dir - look around, f - activate A cannonade of hail descends around you!
The hail pelts the yak!!
You kill the yak!
Vehumet accepts your kill.
You feel your power returning. The yak closely misses you. The yak gores you.
You sock the yak!
You kill the yak!
Vehumet accepts your kill.
You feel your power returning. The yak barely misses you.
Your Air Magic skill increases to level 5!
You hit the yak. You claw the yak.
The yak is heavily wounded.
The yak closely misses you.
You hit the yak. You claw the yak. You peck the yak.
The yak is severely wounded.
The yak gores you.
You hit the yak. You claw the yak. You peck the yak, but do no damage.
The yak is almost dead.
The yak closely misses you.
You hit the yak. Your kick misses the yak.
The yak is almost dead.
The yak gores you but does no damage. The yak completely misses you.
You barely miss the yak. You claw the yak.
You kill the yak!
Vehumet accepts your kill.
You feel your power returning.
Your Spellcasting skill increases to level 8!
Things that are here:
a yak corpse; a yak corpse You see here a swamp worm corpse.
You start resting.
A water moccasin comes into view.
A water moccasin is nearby!
Casting: Hailstorm (safe; 1% risk of failure)
Confirm with . or Enter, or press ? or * to list all spells.
Aiming: Stone Arrow (safe; 1% risk of failure)
Press: ? - help, Shift-Dir - straight line, f - water moccasin
Aim: a water moccasin (wandering, hasn't noticed you, 57% to hit)
The stone arrow hits the water moccasin!
The water moccasin is severely wounded.
Casting: Stone Arrow (safe; 1% risk of failure)
Confirm with . or Enter, or press ? or * to list all spells.
Aiming: Stone Arrow (safe; 1% risk of failure)
Press: ? - help, Shift-Dir - straight line, f/p - water moccasin
Aim: a water moccasin (severely wounded, 57% to hit)
The stone arrow hits the water moccasin!!
You kill the water moccasin!
Vehumet accepts your kill.
You feel your power returning.
You start resting.
A swamp worm comes into view.
A swamp worm is nearby!
Your +3 flail of protection goes still.
You hear the crackle of electricity.
b - a +2 sling of electrocution (weapon)
You shoot a sling bullet. The sling bullet hits the swamp worm.
The swamp worm is lightly wounded.
You shoot a sling bullet. The sling bullet hits the swamp worm!
The swamp worm is moderately wounded.
You start resting.
A swamp worm is nearby!
Casting: Stone Arrow (safe; 1% risk of failure)
Confirm with . or Enter, or press ? or * to list all spells.
Aiming: Stone Arrow (safe; 1% risk of failure)
Press: ? - help, Shift-Dir - straight line, f/p - swamp worm
Aim: a swamp worm (moderately wounded, 67% to hit)
The stone arrow hits the swamp worm!
The swamp worm is severely wounded.
The swamp worm fires a harpoon shot at you.
The harpoon shot hits you!
You are yanked forward by the harpoon shot.
The swamp worm misses you.
Casting: Stone Arrow (safe; 1% risk of failure)
Confirm with . or Enter, or press ? or * to list all spells.
Aiming: Stone Arrow (safe; 1% risk of failure)
Press: ? - help, Shift-Dir - straight line, f/p - swamp worm
Aim: a swamp worm (severely wounded, 67% to hit)
The stone arrow hits the swamp worm!!
You kill the swamp worm!
Vehumet accepts your kill.
You feel your power returning.
Unknown command.
You start resting.
HP restored.
You start resting.
Magic restored.
You see here a swamp worm corpse.
Found a stone staircase leading up.
This spell is dangerous to cast!
Memorise Airstrike, consuming 4 spell levels and leaving 0? [Y]es or [N]o only, please.
Memorise Airstrike, consuming 4 spell levels and leaving 0?
You start memorising the spell.
You continue memorising. x4
You finish memorising.
Spell assigned to 'i'.
A sourceless malevolence fills the Lair of Beasts... and a teleportation trap spontaneously manifests!
You are yanked towards some nearby monsters!
Your surroundings suddenly seem different.
A yak, an ice statue, 2 polar bears, 2 simulacra, 2 rime drakes and an ice dragon come into view.
Found five items.
The polar bear growls angrily. x2; The rime drake hisses angrily. x2
The ice dragon roars deafeningly!
The yak bellows!
You hear a bellow!
Marking area around an ice statue as unsafe for travelling.
As you read the scroll of teleportation, it crumbles to dust.
You feel strangely unstable. The ice dragon breathes frost at you.
The blast of cold hits the two-headed ogre simulacrum.
The two-headed ogre simulacrum completely resists.
The blast of cold hits the naga simulacrum.
The naga simulacrum completely resists.
The blast of cold hits the rime drake!
The rime drake resists.
The blast of cold hits you! You resist.
The ice statue gestures.
The polar bear bites you. The polar bear barely misses you.
The polar bear claws you. The polar bear bites you! The polar bear misses you.
The polar bear claws you but does no damage.
The rime drake hisses angrily.
Found an escape hatch in the floor.
You block the polar bear's attack. x2
The polar bear completely misses you. The yak gores you!
The ice statue gestures.
You block the polar bear's attack.
The polar bear claws you but does no damage.
The polar bear completely misses you.
The ice statue gestures.
Your surroundings suddenly seem different.
A bog body comes into view.
You are too injured to fight recklessly!
There is a fountain of clear blue water here.
You start resting.
HP restored.
You start waiting.
Done waiting.
There is a fountain of clear blue water here.
A swamp worm comes into view.
Unknown command.
You shoot a sling bullet.
The sling bullet barely misses the bog body.
An electric eel comes into view.
The bog body casts a spell at you. You resist with significant effort.
The bog body casts a spell at you. The bolt of cold misses you.
There is a fountain of clear blue water here.
You shoot a sling bullet. The sling bullet hits the bog body!
The bog body is moderately damaged.
The bog body casts a spell at you.
You feel yourself slow down.
There is a fountain of clear blue water here.
You shoot a sling bullet.
The sling bullet closely misses the swamp worm.
The sling bullet barely misses the bog body.
The swamp worm fires a harpoon shot at you.
The harpoon shot hits you!
You are yanked forward by the harpoon shot.
You block the swamp worm's attack.
Casting: Stone Arrow (safe; 1% risk of failure)
Confirm with . or Enter, or press ? or * to list all spells.
Aiming: Stone Arrow (safe; 1% risk of failure)
Press: ? - help, Shift-Dir - straight line, f/p - swamp worm
Aim: a swamp worm (67% to hit)
The stone arrow hits the swamp worm!
The swamp worm is heavily wounded.
The swamp worm bites you! x2
Casting: Stone Arrow (safe; 1% risk of failure)
Confirm with . or Enter, or press ? or * to list all spells.
Aiming: Stone Arrow (safe; 1% risk of failure)
Press: ? - help, Shift-Dir - straight line, f/p - swamp worm
Aim: a swamp worm (heavily wounded, 67% to hit)
The stone arrow hits the swamp worm.
The swamp worm is heavily wounded.
The swamp worm misses you. The swamp worm completely misses you.
Casting: Stone Arrow (safe; 1% risk of failure)
Confirm with . or Enter, or press ? or * to list all spells.
Aiming: Stone Arrow (safe; 1% risk of failure)
Press: ? - help, Shift-Dir - straight line, f/p - swamp worm
Aim: a swamp worm (heavily wounded, 67% to hit)
The stone arrow hits the swamp worm!
The swamp worm is severely wounded.
The swamp worm bites you. The swamp worm bites you!
* * * LOW HITPOINT WARNING * * *
Casting: Stone Arrow (safe; 1% risk of failure)
Confirm with . or Enter, or press ? or * to list all spells.
Aiming: Stone Arrow (safe; 1% risk of failure)
Press: ? - help, Shift-Dir - straight line, f/p - swamp worm
Aim: a swamp worm (severely wounded, 67% to hit)
The stone arrow hits the swamp worm!
You kill the swamp worm!
Vehumet accepts your kill.
You feel your power returning. The bog body touches you!
* * * LOW HITPOINT WARNING * * *
The bog body freezes you! You resist.
You die...

#.......# #.....#
##.#+P#..## #.....##
##........P# #......#
##.#.P.....# #....#
.....#.##..## ###....#
...........÷## #......#
...........#.#####.....##
....##......#÷#.#.....[.#
#..♣♣♣♣♣♣♣♣..÷..@#......#
♣♣♣♣♣♣♣♣♣♣♣♣♣♣♣♣.n.....##
~§≈~~~~~~~~♣~~≈♣♣♣.....#
§...♣...♣...nw.†⌠÷...# w
♣...♣.........⌠....#
~S~~♣≈~~♣~~≈~≈♣♣♣.....#
♣♣♣♣ ♣♣♣♣♣♣♣♣♣♣♣.......#
... ♣♣♣♣♣♣............#
..., .......#..+........#


You could see a bog body.

Vanquished Creatures
  Harold (Lair:1)
  A hydra (Lair:2)
  A two-headed ogre (D:8)
  Pikel (D:6)
  2 ugly things
  2 cyclopes
  The ghost of Mickster the Chopper, a novice HOBe of Trog (D:5)
  An unseen horror (D:8)
  2 komodo dragons
  A rime drake (Lair:2)
  4 trolls
  Grinder (D:3)
  A hornet (D:10)
  3 wyverns
  33 yaks
  A basilisk (Lair:2)
  Eustachio (D:6)
  4 steam dragons
  A dancing weapon (D:9)
  5 vampire mosquitoes
  Menkaure (D:6)
  3 swamp worms (Lair:2)
  An acid dragon (D:9)
  3 water moccasins
  A sky beast (D:8)
  3 black bears
  2 orc warriors
  2 ogres
  4 centaurs
  18 wolves
  A phantom (D:6)
  Blork the orc (D:4)
  6 bullfrogs
  2 gnoll sergeants
  3 scorpions
  6 wights
  5 killer bees (D:8)
  2 howler monkeys
  An electric eel (D:11)
  A jelly (D:5)
  2 orc priests
  8 hounds
  6 iguanas
  8 orc wizards
  Terence (D:3)
  Robin (D:3)
  6 gnolls
  7 adders
  A shadow imp (D:7)
  2 white imps
  A worm (D:2)
  A dart slug (D:3)
  16 orcs
  7 bats
  8 endoplasms
  5 giant cockroaches
  12 goblins
  10 hobgoblins
  10 kobolds
  3 quokkas
  6 ball pythons
  3 frilled lizards
  6 rats
263 creatures vanquished.

Vanquished Creatures (collateral kills)
  Grum (Lair:1)
  2 orc warriors
  A centaur (D:9)
  8 wights
  An orc wizard (D:9)
  3 gnolls
  8 orcs
  A giant cockroach (D:3)
25 creatures vanquished.

Vanquished Creatures (others)
  16 dancing weapons
16 creatures vanquished.

Grand Total: 304 creatures vanquished

Notes
Turn   | Place    | Note
-------+----------+-------------------------------------------
     0 | D:1      | GloriousHammer the Tengu Enchanter began the quest for the
                  | Orb.
     0 | D:1      | Reached XP level 1. HP: 10/10 MP: 4/4
   470 | D:1      | Found Yraivvu's Distillery.
   473 | D:1      | Bought a potion of curing for 30 gold pieces
   473 | D:1      | Bought a potion of degeneration for 10 gold pieces
   566 | D:1      | Reached XP level 2. HP: 15/16 MP: 6/6
   892 | D:1      | Learned a level 1 spell: Slow
  1330 | D:2      | Reached skill level 1 in Fighting
  1330 | D:2      | Reached XP level 3. HP: 12/20 MP: 7/7
  1380 | D:2      | Learned a level 3 spell: Confusing Touch
  1872 | D:2      | Found a faded altar of an unknown god.
  2196 | D:3      | Noticed Robin
  2211 | D:3      | Reached XP level 4. HP: 18/25 MP: 8/8
  3060 | D:3      | Killed Robin
  3363 | D:3      | Learned a level 3 spell: Tukima's Dance
  3651 | D:3      | Noticed Grinder
  3846 | D:3      | Gained mutation: Your magical nature lets you fly swiftly
                  | and evasively. [Tengu growth]
  3846 | D:3      | Reached XP level 5. HP: 24/30 MP: 10/10
  4150 | D:4      | Found a staircase to the Ecumenical Temple.
  4155 | D:4      | Reached skill level 1 in Maces & Flails
  4324 | D:4      | Gained mutation: You passively map a small area around you.
                  | [potion of mutation]
  4324 | D:4      | Gained mutation: You are partially covered in iridescent
                  | scales. (AC +2) [potion of mutation]
  4324 | D:4      | Gained mutation: You are agile. (Dex +4, Str/Int -1)
                  | [potion of mutation]
  4328 | D:4      | HP: 1/30 [poisoned by a scorpion]
  4469 | Temple   | Entered the Ecumenical Temple
  4748 | D:4      | Reached XP level 6. HP: 35/35 MP: 7/11
  5469 | D:4      | Noticed Blork the orc
  5571 | D:5      | Entered Level 5 of the Dungeon
  5767 | D:5      | Found a runed translucent door.
  6218 | D:5      | Reached XP level 7. HP: 38/40 MP: 8/12
  6305 | D:5      | Found a burning altar of Makhleb.
  7205 | D:5      | Found a shadowy altar of Dithmenos.
  7344 | D:5      | Noticed Mickster's ghost (novice HOBe)
  8508 | D:6      | Noticed Menkaure
  8521 | D:6      | Killed Menkaure
  8522 | D:6      | Reached XP level 8. HP: 40/46 MP: 8/13
  8723 | D:6      | Reached skill level 5 in Maces & Flails
  8791 | D:6      | Identified the +6 long sword of the Mind {distort, rF-
                  | Int+8}
  9111 | D:6      | Reached skill level 5 in Dodging
  9233 | D:6      | Noticed Eustachio
  9257 | D:6      | Killed Eustachio
 10017 | D:4      | Killed Blork the orc
 10670 | D:7      | Identified the +1 ring mail of Siohupn {-Cast rN+++}
 10710 | D:7      | Reached skill level 5 in Hexes
 10826 | D:7      | Reached XP level 9. HP: 52/52 MP: 14/14
 11161 | D:7      | Found a radiant altar of Vehumet.
 11168 | D:7      | Became a worshipper of Vehumet
 11191 | D:7      | Learned a level 3 spell: Stone Arrow
 11196 | D:7      | Learned a level 3 spell: Hailstorm
 11669 | D:8      | Noticed an unseen horror
 11692 | D:8      | Killed an unseen horror
 11693 | D:8      | Reached skill level 2 in Conjurations
 11693 | D:8      | Reached skill level 1 in Ice Magic
 11901 | D:7      | Reached skill level 3 in Conjurations
 12422 | D:8      | Reached skill level 4 in Conjurations
 12546 | D:8      | Noticed a two-headed ogre
 13183 | D:8      | Reached skill level 5 in Conjurations
 13269 | D:8      | Killed a two-headed ogre
 13270 | D:8      | Reached skill level 6 in Conjurations
 13270 | D:8      | Reached XP level 10. HP: 25/58 MP: 0/17
 13463 | D:8      | Reached skill level 7 in Conjurations
 13694 | D:8      | Reached skill level 5 in Spellcasting
 13726 | D:8      | Reached skill level 8 in Conjurations
 13946 | D:8      | Reached * piety under Vehumet
 13946 | D:8      | Offered knowledge of Foxfire by Vehumet.
 14486 | D:8      | Reached skill level 9 in Conjurations
 15286 | D:9      | Reached skill level 5 in Fighting
 15286 | D:9      | Reached skill level 1 in Ranged Weapons
 15286 | D:9      | Reached skill level 1 in Armour
 16386 | D:9      | Noticed a cyan ugly thing
 16393 | D:9      | Found Hekajasaggi's Assorted Antiques.
 16397 | D:9      | Bought a scroll of identify for 34 gold pieces
 16397 | D:9      | Bought a pair of scorched gloves for 161 gold pieces
 16397 | D:9      | Identified the +1 pair of gloves of the Lion {rF+ rC+
                  | Int+4} (You bought it in a shop on level 9 of the Dungeon)
 16397 | D:9      | Bought a potion of curing for 51 gold pieces
 16397 | D:9      | Bought a scroll labelled NOFUPH PAWEAFI for 17 gold pieces
 16764 | D:9      | Reached skill level 1 in Earth Magic
 16971 | D:9      | Learned a level 2 spell: Passwall
 17124 | D:9      | Noticed a cyclops
 17333 | D:9      | Killed a cyan ugly thing
 17334 | D:9      | Reached skill level 1 in Transmutations
 17763 | D:9      | Reached XP level 11. HP: 60/64 MP: 18/21
 18645 | D:9      | Identified the +1 robe of Geedd {SInv Stlth+}
 18670 | D:9      | Found a glowing silver altar of Zin.
 19187 | D:10     | Entered Level 10 of the Dungeon
 19729 | D:10     | Reached skill level 1 in Shields
 20082 | D:10     | Reached ** piety under Vehumet
 20082 | D:10     | Offered knowledge of Kiss of Death by Vehumet.
 20376 | D:10     | Paralysed by a hornet for 2 turns
 20590 | D:10     | Found a white marble altar of Elyvilon.
 21250 | D:10     | Learned a level 5 spell: Yara's Violent Unravelling
 21277 | D:9      | Killed a cyclops
 21524 | D:5      | Killed Mickster's ghost
 22161 | D:3      | Noticed Terence
 22165 | D:3      | Killed Terence
 22209 | D:3      | Paralysed by Grinder for 5 turns
 22224 | D:3      | Killed Grinder
 22411 | D:6      | Noticed Pikel
 22424 | D:6      | Killed Pikel
 22425 | D:6      | Reached skill level 10 in Conjurations
 22675 | D:11     | Found a staircase to the Orcish Mines.
 23337 | D:11     | Found a staircase to the Lair.
 23521 | D:11     | Reached XP level 12. HP: 72/72 MP: 18/22
 23773 | D:11     | Noticed a two-headed ogre
 23773 | D:11     | Noticed a two-headed ogre
 23773 | D:11     | Noticed a boulder beetle
 24345 | Lair:1   | Entered Level 1 of the Lair of Beasts
 25143 | Lair:1   | Offered knowledge of Ignite Poison by Vehumet.
 25400 | Lair:1   | Noticed Grum
 25432 | Lair:1   | Killed Grum
 25541 | Lair:1   | Learned a level 3 spell: Ignite Poison
 25549 | Lair:1   | Noticed Harold
 26137 | Lair:1   | Killed Harold
 26579 | Lair:2   | Noticed a four-headed hydra
 26592 | Lair:2   | Killed a four-headed hydra
 26847 | Lair:2   | Reached *** piety under Vehumet
 26922 | Lair:2   | Reached skill level 5 in Air Magic
 27039 | Lair:2   | Learned a level 4 spell: Airstrike
 27039 | Lair:2   | Noticed an ice dragon
 27214 | Lair:2   | Slain by a bog body

Illustrated notes

Levels and vault maps discovered:
D:1:      spicycebolla_arrival_xxxplode, layout_basic, serial_shops, shop,
          minmay_surrounded
D:2:      minmay_spotlight, layout_basic, shapermc_ecumenical_altar_pompeii
D:3:      layout_basic, chequers_mini_garden, minmay_misc_feat_columns,
          uniq_terence, uniq_grinder, uniq_robin
D:4:      layout_rooms, minmay_temple_entry_tees, uniq_blork_the_orc
D:5:      layout_cave_pools, kennysheep_mini, lightli_temple_of_fire,
          ebering_ghost_sewer_d, grunt_ministairs_8
D:6:      nicolae_cairo_tiling_very_big, layout_basic, uniq_pikel,
          uniq_eustachio, uniq_menkaure
D:7:      layout_basic, vehumet_altar_wand_db, minmay_misc_feat_tower
D:8:      layout_basic
D:9:      layout_cave_pods, zin_scriptorium, serial_shops,
          nicolae_shop_hallway_stairs, minmay_bent
D:10:     layout_cave_pools, elyvilon_altar_4
D:11:     layout_stronghold, erik_lair_island, minmay_gold_behind_fungi,
          kennysheep_kite_vault
Temple:   minmay_crystal_spiral_temple
Lair:1:   layout_roguey, serial_forest, infiniplex_forest_straight_4,
          infiniplex_forest_lined_3, infiniplex_forest_lined_room_3,
          infiniplex_forest_end_3, infiniplex_forest_straight_2,
          infiniplex_forest_clump_tiny, chequers_serial_rivers_large_a,
          uniq_grum, uniq_harold
Lair:2:   dreamdust_isle_of_ice, layout_chaotic_city,
          nicolae_swamp_entry_splash_gauntlet, cheibrodos_lair_caveside_slide,
          chequers_serial_rivers_small_a, nicolae_lair_run_with_the_wolves,
          lemuel_fruit_tree

Skill      XL: |  1  2  3  4  5  6  7  8  9 10 11 12 |
---------------+-------------------------------------+-----
Fighting       | 1 2 3 4 5 7 |  7.7
Dodging        | 3 4 5 6 8 |  8.9
Maces & Flails | 2 3 4 5 6 |  6.1
Hexes          | 3 4 5 |  5.6
Conjurations   | 6 9 10 | 10.8
Ice Magic      | 3 |  3.0
Spellcasting   | 4 6 8 |  8.0
Ranged Weapons | 2 |  2.0
Armour         | 3 |  3.0
Earth Magic    | 1 |  1.0
Transmutations | 1 2 3 |  3.6
Shields        | 3 4 |  4.0
Air Magic      | 5 |  5.3
Short Blades   | |  1.4
Stealth        | |  3.6

Action                     |  1- 3 |  4- 6 |  7- 9 | 10-12 || total
---------------------------+-------+-------+-------+-------++-------
  Melee: Short sword       |    26 |       |       |       ||    26
         Dagger            |     3 |       |       |       ||     3
         Kick              |    15 |    35 |   103 |   272 ||   425
         Peck              |    11 |    19 |    76 |   186 ||   292
         Whip              |    45 |   109 |   249 |   285 ||   688
         Punch             |     1 |       |     2 |     3 ||     6
         Shortbow          |       |       |     1 |     5 ||     6
         Flail             |       |       |       |   298 ||   298
         Sling             |       |       |       |     6 ||     6
   Fire: Sling             |       |     3 |       |    98 ||   101
         Shortbow          |       |       |    47 |   171 ||   218
   Cast: Slow              |     3 |     8 |    23 |    29 ||    63
         Confusing Touch   |       |     5 |    23 |    31 ||    59
         Tukima's Dance    |       |     1 |    29 |    41 ||    71
         Hailstorm         |       |       |     3 |    49 ||    52
         Stone Arrow       |       |       |       |    56 ||    56
  Evoke: Wand              |       |       |     4 |     3 ||     7
    Use: Potion            |       |     2 |     2 |     4 ||     8
         Scroll            |       |     4 |     3 |    16 ||    23
   Stab: Sleeping          |    10 |     6 |     4 |     5 ||    25
         Confused          |       |     5 |    30 |    33 ||    68
 Armour: Robe              |    21 |    13 |    26 |       ||    60
         Steam dragon scal |       |       |     1 |     8 ||     9
         Troll leather arm |       |       |       |   131 ||   131
  Dodge: Dodged            |    38 |    69 |   201 |   659 ||   967
  Block: Buckler           |       |       |       |   159 ||   159
